Map: Cyber Forest LE

Players

Mez

  • Race: Terran Terran
  • League: Master
  • Spawn Location: 11:00

FizzyElf - Winner!

  • Race: Protoss Protoss
  • League: Master
  • Spawn Location: 5:00

VOD

Have the link to the VOD?

Description

Time

  • Played on: Aug. 11, 2019, 2:46 p.m.
  • Length: 17:59
Show
View Real Time Build Order
Export as new Build Order

Mez Terran 

Build Orders: Reaper Expand 

Get SALT Encoding   

  12  0:00  SCV  
  13  0:13  SCV  
  14  0:18  Supply Depot  
  14  0:25  SCV  
  15  0:40  SCV  
  15  0:41  Barracks  
  16  0:44  Refinery  
  16  0:52  SCV  
  17  1:04  SCV  
  18  1:16  SCV  
  19  1:29  Reaper, Orbital Command  
  20  1:41  Command Center  
  20  1:50  Bunker  
  20  1:55  SCV  
  21  2:02  Barracks Reactor  
  21  2:09  Supply Depot  
  21  2:19  SCV  
  22  2:31  SCV  
  23  2:40  Marine x2  
  23  2:42  Factory  
  25  2:46  Command Center  
  25  2:48  SCV  
  26  2:56  Orbital Command  
  26  3:03  Marine x2  
  28  3:19  SCV  
  29  3:21  Refinery  
  29  3:22  SCV  
  29  3:23  Marine x2  
  34  3:27  Widow Mine  
  34  3:29  Starport  
  34  3:32  SCV  
  35  3:34  SCV  
  35  3:40  Refinery  
  36  3:42  Marine x2  
  36  3:44  SCV  
  36  3:46  SCV  
  40  3:51  Widow Mine  
  42  3:56  SCV  
  42  3:58  SCV  
  42  4:00  Orbital Command  
  44  4:06  Starport Tech Lab  
  44  4:08  SCV  
  45  4:10  SCV  
  45  4:12  Supply Depot  
  45  4:14  Factory Tech Lab  
  45  4:16  Marine  
  47  4:17  Marine  
  47  4:21  SCV  
  47  4:22  SCV  
  50  4:24  Raven  
  52  4:34  Barracks, Supply Depot  
  52  4:43  Siege Tank  
  52  4:45  Marine x2  
  55  4:59  SCV x2  
  57  5:03  Marine x2  
  59  5:07  Supply Depot  
  59  5:08  SCV  
  59  5:09  Barracks  
  59  5:11  SCV  
  59  5:13  SCV  
  62  5:18  Siege Tank  
  62  5:20  SCV  
  66  5:23  SCV  
  66  5:26  Starport Reactor  
  68  5:28  SCV  
  68  5:32  Refinery, SCV  
  68  5:34  Engineering Bay, Supply Depot  
  68  5:35  Engineering Bay  
  69  5:39  SCV  
  69  5:41  Stimpack  
  70  5:44  Marine x2, Marauder  
  74  5:54  Barracks  
  74  5:57  Barracks  
  74  6:03  Orbital Command  
  74  6:05  Terran Infantry Armor Level 1, Terran Infantry Weapons Level 1  
  74  6:06  SCV x2  
  74  6:08  Factory Reactor  
  76  6:16  Marine x2, Marauder x2  
  76  6:18  SCV x2  
  84  6:26  Medivac x2  
  84  6:29  SCV  
  84  6:30  SCV x2  
  91  6:37  Marine  
  91  6:38  Marine x2  
  91  6:39  Combat Shield  
  92  6:54  Barracks Reactor  
  93  6:55  Barracks Tech Lab  
  93  6:56  SCV  
  93  6:58  Refinery, Marauder  
  93  7:01  SCV  
  92  7:09  SCV, Armory  
  92  7:11  SCV  
  93  7:26  Viking x2, SCV x2, Marine x2, Marauder x2, Supply Depot x2  
  93  7:27  Supply Depot  
  93  7:28  Marauder  
  95  7:30  SCV  
  95  7:36  Marine x2  
  98  7:38  Widow Mine x2, SCV x2  
  98  7:42  SCV  
  105  7:48  Marauder x2  
  105  7:50  SCV x2, Marauder  
  113  7:55  Missile Turret  
  113  7:57  Missile Turret  
  113  7:58  Missile Turret, Marine x3  
  113  7:59  Marine  
  113  8:03  SCV x3  
  119  8:09  Marine, Medivac  
  119  8:10  Terran Infantry Weapons Level 2, Medivac  
  124  8:13  Terran Infantry Armor Level 2  
  124  8:19  Refinery  
  124  8:24  Marine, Command Center, Marauder x2  
  129  8:29  Missile Turret  
  129  8:32  Missile Turret  
  129  8:35  Supply Depot  
  129  8:36  Supply Depot  
  129  8:37  Supply Depot  
  129  8:38  Supply Depot  
  110  8:46  Marine x4, Marauder x2  
  110  8:47  Marauder  
  120  8:53  Widow Mine x2  
  124  9:04  Marine x2  
  124  9:06  Marine  
  124  9:07  Marine  
  124  9:08  Marauder x3  
  78  9:10  Viking x2  
  134  9:14  Ghost Academy  
  138  9:20  Starport  
  138  9:21  Supply Depot  
  138  9:22  Supply Depot  
  137  9:32  Marine  
  137  9:33  Marine x3, Marauder x3  
  147  9:46  Terran Ship Weapons Level 1, Supply Depot  
  147  9:48  Liberator x2  
  147  9:56  Missile Turret  
  147  10:05  Missile Turret, Starport Tech Lab  
  153  10:09  Marine x4, Marauder x3  
  153  10:10  Fusion Core  
  163  10:21  Planetary Fortress  
  163  10:27  SCV x3  
  166  10:30  Terran Infantry Weapons Level 3  
  166  10:33  Terran Infantry Armor Level 3  
  166  10:39  SCV x2  
  168  10:44  Liberator  
  168  10:45  Liberator x2  
  177  11:09  Advanced Ballistics  
  177  11:17  Supply Depot  
  171  11:23  Ghost x3, Starport  
  171  11:24  Refinery  
  177  11:25  Refinery  
  177  11:27  Liberator  
  177  11:32  Barracks  
  177  11:33  Barracks  
  177  11:35  Barracks  
  174  11:45  Sensor Tower  
  177  11:48  Supply Depot  
  177  11:49  Supply Depot  
  175  11:56  Liberator x2  
  171  12:05  Marine x3  
  171  12:06  Ghost x2  
  174  12:12  Starport Reactor  
  180  12:21  Liberator x2  
  180  12:25  Sensor Tower  
  131  12:37  Marine x2, Marauder  
  131  12:38  Marauder x2  
  131  12:41  SCV x3  
  149  12:51  SCV  
  149  12:53  SCV x3  
  149  12:56  Barracks Tech Lab x3  
  149  12:57  Marine x4  
  156  12:59  Marauder x2  
  156  13:03  SCV  
  156  13:05  SCV x2  
  163  13:17  Liberator x2  
  146  13:28  SCV x4  
  147  13:40  SCV x4  
  157  13:48  Supply Depot  
  157  13:53  Bunker, Ghost x4  
  157  13:54  Ghost  
  157  13:55  Viking  
  171  13:57  Starport Reactor  
  157  14:17  Viking x2  
  157  14:18  SCV x4  
  165  14:25  Terran Ship Weapons Level 2  
  165  14:30  SCV x4  
  169  14:42  Viking x3, SCV x2  
  177  14:45  Ghost x2  
  177  14:46  Ghost x2  
  177  14:47  Marine x3  
  188  15:00  Command Center  
  188  15:08  Command Center  
  188  15:10  Command Center  
  182  15:24  Viking x5  
  192  15:53  Starport  
  192  15:54  Hi-Sec Auto Tracking, Neosteel Armor  
  192  15:55  Starport x2  
  135  16:57  Viking x5  
  124  17:07  Marine  
  124  17:08  Ghost x4, Marine x2  
  126  17:09  Marine x2  
  126  17:15  Orbital Command  
  133  17:19  Starport Reactor x3  
  133  17:27  Viking x3  
Show
View Real Time Build Order
Export as new Build Order

FizzyElf Protoss - Winner!

Build Orders: 1 Gate Expand, Carriers 

Get SALT Encoding   

  12  0:00  Probe  
  13  0:12  Probe  
  14  0:20  Pylon  
  14  0:25  Probe  
  15  0:36  Probe  
  15  0:40  Gateway  
  16  0:44  Probe  
  16  0:49  Assimilator  
  17  0:52  Probe  
  18  1:05  Probe  
  19  1:17  Probe  
  20  1:31  Nexus  
  20  1:39  Cybernetics Core  
  20  1:41  Assimilator  
  20  1:44  Probe  
  21  1:51  Pylon  
  21  1:56  Probe  
  22  2:06  Stalker  
  22  2:08  Probe  
  23  2:20  Probe  
  26  2:28  Robotics Facility  
  26  2:30  Warp Gate  
  26  2:32  Probe  
  26  2:35  Stalker  
  28  2:44  Probe  
  29  2:52  Probe  
  29  2:56  Probe  
  31  3:03  Stalker  
  31  3:04  Probe  
  34  3:09  Probe  
  34  3:19  Warp Prism  
  36  3:43  Probe x2  
  36  3:46  Pylon  
  38  3:52  Robotics Bay  
  38  3:55  Probe  
  39  4:04  Observer  
  39  4:05  Gateway  
  39  4:07  Gateway  
  40  4:11  Probe x2  
  42  4:21  Stalker  
  44  4:25  Pylon  
  44  4:26  Immortal  
  44  4:29  Probe x2  
  50  4:40  Pylon  
  50  4:52  Probe x2  
  52  4:57  Nexus  
  52  4:59  Pylon  
  52  5:00  Probe x2  
  52  5:01  Shield Battery  
  52  5:03  Pylon  
  54  5:09  Probe x2  
  54  5:12  Disruptor  
  59  5:31  Probe x2  
  61  5:36  Stalker  
  63  5:45  Probe x2  
  63  5:49  Assimilator  
  65  5:53  Assimilator  
  65  5:54  Disruptor  
  65  5:57  Probe  
  65  6:02  Probe  
  67  6:09  Probe  
  67  6:10  Gateway  
  67  6:11  Probe, Gateway  
  72  6:12  Gateway  
  72  6:14  Probe  
  72  6:15  Twilight Council  
  73  6:20  Pylon  
  73  6:21  Probe  
  73  6:22  Pylon  
  73  6:23  Probe  
  71  7:04  Probe x2  
  71  7:05  Probe  
  71  7:06  Disruptor  
  74  7:15  Blink  
  74  7:18  Probe x2  
  74  7:30  Probe x2  
  76  7:37  Robotics Facility  
  76  7:40  Pylon, Gateway  
  76  7:42  Probe x3, Pylon, Gateway  
  79  7:44  Gateway  
  79  7:46  Gravitic Drive, Gateway  
  79  7:52  Nexus  
  79  7:55  Pylon  
  79  7:56  Pylon  
  78  7:58  Pylon  
  78  8:03  Probe x2  
  78  8:04  Observer  
  78  8:05  Stalker x6  
  90  8:07  Probe  
  90  8:12  Disruptor  
  96  8:15  Probe x2  
  96  8:17  Assimilator  
  96  8:19  Probe, Gateway  
  99  8:20  Assimilator  
  99  8:27  Probe  
  99  8:30  Probe  
  99  8:31  Probe  
  102  8:46  Disruptor  
  102  8:47  Probe x2  
  103  8:53  Resonating Glaives  
  103  8:54  Probe  
  104  8:55  Stalker x2  
  104  8:56  Stalker x3, Disruptor  
  104  8:59  Probe  
  121  9:05  Probe  
  121  9:07  Probe x2  
  121  9:08  Adept x3  
  121  9:09  Adept x2  
  134  9:11  Probe  
  135  9:20  Disruptor x2  
  135  9:24  Assimilator  
  135  9:30  Probe x2  
  129  9:35  Adept x2  
  129  9:36  Adept x6  
  129  9:37  Adept x3  
  157  9:38  Probe  
  157  9:39  Probe  
  157  9:42  Probe  
  157  9:43  Extended Thermal Lance  
  160  9:51  Assimilator  
  160  9:55  Stargate  
  160  9:58  Stargate  
  160  10:03  Adept  
  160  10:04  Adept x3  
  160  10:05  Adept x2  
  172  10:08  Stargate  
  172  10:10  Pylon  
  172  10:11  Pylon  
  172  10:13  Pylon  
  172  10:29  Colossus x2  
  183  11:05  Adept  
  183  11:06  Adept x2  
  187  11:12  Fleet Beacon  
  172  12:06  Protoss Air Weapons Level 1  
  170  12:12  Carrier  
  170  12:13  Carrier x2  
  170  12:43  Adept x3  
  170  12:44  Adept x4  
  178  12:45  Adept x2  
  188  12:52  Probe  
  189  13:00  Carrier  
  189  13:03  Carrier, Nexus  
  189  13:04  Carrier  
  189  13:05  Pylon  
  189  13:06  Pylon  
  197  13:30  Disruptor x2  
  195  13:57  Assimilator  
  195  14:00  Carrier x3  
  195  14:01  Assimilator  
  183  14:32  Observer x2  
  185  14:48  Protoss Air Weapons Level 2  
  185  14:50  Forge  
  185  15:12  Stalker x3  
  187  15:19  Carrier  
  187  15:20  Carrier  
  187  15:28  Carrier  
  187  15:30  Photon Cannon  
  187  15:33  Photon Cannon  
  187  15:35  Photon Cannon  
  197  15:37  Photon Cannon  
  197  15:58  Warp Prism  
  199  16:08  Dark Shrine  
  199  16:19  Gravitic Boosters  
  199  16:25  Shield Battery, Nexus  
  199  16:26  Pylon  
  199  16:27  Shield Battery  
  199  16:30  Shield Battery  
  181  16:58  Stalker x3  
  181  16:59  Stalker x3  
  193  17:02  Stalker x2  
  193  17:03  Stalker  
Tags
 
Add a new tag
Caveats
  • Supply blocks, unpowered buildings, or Contaminate may cause inaccurate times.
  • Supply counts are checked every 10 seconds.